Map: Overgrowth LE (Void)

Players

ByuL

  • Race: Zerg Zerg
  • Spawn Location: 7:00

Classic - Winner!

  • Race: Protoss Protoss
  • Spawn Location: 1:00

Event: IEM Season 11 - Gyeonggi

VOD

https://www.youtube.com/watch?v=F1nQTUjEpTk

Description

Time

  • Played on: Dec. 14, 2016, 2:53 a.m.
  • Length: 20:19

All games in this series

Show
View Real Time Build Order
Export as new Build Order

ByuL Zerg 

Build Orders: Pool First 

Get SALT Encoding   

  12  0:17  Spawning Pool  
  11  0:22  Drone  
  11  0:26  Drone  
  13  0:30  Drone  
  14  0:40  Overlord  
  14  1:04  Zergling x4  
  16  1:05  Zergling x2  
  17  1:14  Hatchery  
  16  1:20  Zergling x2  
  17  1:27  Zergling x2  
  18  1:34  Queen  
  18  1:37  Drone  
  21  1:48  Drone  
  22  1:59  Overlord  
  22  2:14  Extractor  
  21  2:16  Queen  
  21  2:19  Drone  
  21  2:22  Drone  
  24  2:27  Drone  
  23  2:30  Queen  
  23  2:31  Drone  
  23  2:37  Drone  
  26  2:44  Drone x3  
  28  2:48  Zergling x2  
  30  2:54  Drone  
  31  2:58  Drone x2  
  33  3:08  Drone  
  33  3:09  Drone  
  34  3:16  Zergling x2  
  35  3:21  Zergling x2  
  35  3:22  Metabolic Boost  
  36  3:30  Overlord  
  36  3:31  Overlord  
  36  3:44  Drone  
  36  3:46  Hatchery  
  36  3:48  Drone x2, Spore Crawler  
  35  3:50  Drone x2  
  35  3:51  Drone  
  35  3:53  Drone  
  41  3:56  Drone  
  41  4:00  Drone  
  41  4:01  Drone  
  41  4:02  Drone  
  45  4:06  Overlord  
  45  4:11  Drone x2  
  45  4:14  Drone  
  45  4:16  Queen  
  50  4:19  Overlord  
  50  4:30  Drone x2  
  52  4:32  Extractor  
  52  4:33  Drone, Roach Warren  
  50  4:39  Drone x2  
  50  4:40  Drone x2  
  50  4:42  Drone x3  
  57  4:47  Overlord  
  57  4:49  Lair  
  57  4:57  Drone, Spore Crawler  
  57  4:58  Drone  
  57  4:59  Spore Crawler, Extractor  
  56  5:03  Spore Crawler  
  55  5:07  Drone x3  
  55  5:12  Roach x3  
  64  5:14  Roach  
  64  5:16  Roach  
  64  5:20  Roach x2  
  72  5:25  Roach  
  72  5:26  Roach, Overlord  
  76  5:31  Overlord  
  76  5:32  Overlord  
  76  5:34  Overlord  
  76  5:46  Drone x2  
  74  5:50  Drone  
  74  5:51  Drone x7  
  74  5:56  Glial Reconstitution  
  82  5:57  Overseer  
  82  5:59  Roach  
  84  6:06  Hatchery  
  84  6:08  Roach x3  
  84  6:09  Roach  
  91  6:11  Roach  
  91  6:12  Zergling x2  
  91  6:14  Overlord  
  91  6:18  Overlord  
  94  6:24  Drone  
  94  6:25  Overlord  
  94  6:26  Extractor  
  94  6:31  Drone x3  
  94  6:32  Drone, Overseer  
  97  6:33  Drone, Extractor x2  
  97  6:39  Drone  
  98  6:40  Drone  
  98  6:42  Drone x2  
  98  6:44  Spire  
  98  6:50  Overlord  
  98  6:52  Roach  
  98  6:53  Roach x5  
  110  6:59  Zergling x4  
  111  7:03  Ravager  
  111  7:04  Overlord  
  111  7:06  Overlord  
  111  7:07  Spine Crawler  
  111  7:09  Overlord  
  111  7:10  Roach x2, Zergling x4  
  111  7:11  Zergling x4  
  120  7:16  Ravager x2  
  120  7:20  Ravager x3  
  120  7:21  Roach, Zergling x2  
  128  7:23  Zergling x4  
  128  7:24  Queen  
  128  7:27  Roach x3, Zergling x2  
  139  7:34  Roach x2  
  139  7:35  Roach, Zergling x6  
  141  7:42  Roach x2, Zergling x8  
  139  7:46  Roach x2, Zergling x2  
  139  7:49  Zergling x2  
  130  7:51  Zergling x2  
  130  7:55  Roach  
  130  7:56  Roach  
  121  8:00  Roach  
  121  8:03  Zergling x6  
  121  8:04  Zergling x2  
  120  8:12  Roach x2, Zergling x2  
  110  8:17  Roach x2  
  109  8:21  Roach x2  
  109  8:23  Queen  
  109  8:24  Roach  
  102  8:28  Roach  
  102  8:29  Queen  
  102  8:30  Queen  
  93  8:35  Roach x2, Zergling x2  
  93  8:37  Roach  
  98  8:43  Ravager  
  98  8:51  Roach  
  98  8:53  Zergling x10  
  101  8:57  Roach  
  101  8:58  Roach  
  101  8:59  Ravager  
  104  9:04  Roach  
  104  9:05  Roach x4  
  104  9:07  Queen  
  112  9:12  Ravager  
  112  9:13  Roach x2, Zergling x2  
  116  9:17  Ravager  
  116  9:18  Zergling x4  
  114  9:27  Roach x2, Zergling x4  
  114  9:31  Roach  
  114  9:37  Roach x2  
  114  9:38  Roach x4  
  115  9:39  Roach x2  
  106  9:51  Roach x2  
  90  10:00  Roach x2  
  88  10:11  Roach x2, Zergling x2  
  88  10:12  Zergling x2  
  90  10:24  Roach x2, Zergling x2  
  90  10:25  Zergling x4  
  90  10:28  Overseer  
  82  10:37  Ravager  
  82  10:38  Zergling x4  
  85  10:45  Roach  
  85  10:46  Roach x2  
  85  10:47  Roach  
  93  10:52  Roach  
  95  11:02  Ravager x6  
  97  11:16  Hatchery  
  91  11:29  Roach x2  
  77  11:36  Zergling x4  
  77  11:38  Zergling x2  
  62  11:52  Roach  
  64  11:55  Drone x2  
  64  12:00  Ravager  
  64  12:01  Ravager x6  
  73  12:06  Roach  
  73  12:07  Roach  
  77  12:11  Zergling x4  
  79  12:16  Drone  
  80  12:26  Roach x2  
  83  12:31  Drone  
  83  12:33  Drone  
  83  12:34  Drone  
  84  12:37  Drone  
  84  12:41  Drone x2  
  84  12:43  Drone  
  87  12:50  Drone  
  88  12:55  Drone  
  88  12:56  Drone x2  
  91  13:00  Drone  
  92  13:20  Hatchery  
  92  13:21  Drone x2  
  92  13:23  Roach x2  
  97  13:29  Ravager x5, Roach  
  97  13:31  Zergling x2  
  97  13:33  Zergling x2  
  105  13:36  Zergling x4  
  105  13:38  Zergling x2  
  105  13:40  Zergling x2  
  109  13:42  Zergling x2  
  109  13:44  Zergling x2  
  109  13:46  Zergling x2  
  112  13:52  Drone  
  112  13:53  Drone x3  
  116  13:57  Drone x2  
  116  13:58  Overseer  
  118  14:04  Drone  
  118  14:06  Drone  
  118  14:07  Drone x2  
  120  14:21  Baneling Nest  
  118  14:25  Drone x2  
  118  14:35  Drone  
  118  14:36  Drone x2  
  118  14:38  Zergling x18  
  130  14:47  Drone  
  131  15:05  Centrifical Hooks  
  131  15:08  Drone x2  
  131  15:09  Zergling x14  
  131  15:10  Zergling x12  
  145  15:17  Zergling x2  
  145  15:18  Zergling x2  
  147  15:22  Zergling x2  
  147  15:23  Zergling x2  
  147  15:24  Overlord  
  147  15:25  Spore Crawler, Spine Crawler  
  147  15:27  Baneling x5  
  147  15:28  Baneling x2  
  147  15:30  Baneling  
  147  15:31  Baneling  
  147  15:34  Baneling x4  
  147  15:35  Baneling x2  
  147  15:36  Overlord  
  147  15:52  Overlord x2  
  147  16:00  Baneling x3  
  147  16:09  Roach x2, Zergling x2  
  147  16:10  Zergling x20  
  162  16:12  Baneling x4  
  162  16:20  Zergling x2  
  162  16:21  Zergling x2  
  162  16:22  Hatchery, Zergling x4  
  157  16:33  Zergling x12  
  157  16:38  Zergling x2  
  164  16:47  Zergling x6  
  167  16:59  Zergling x16  
  175  17:03  Zergling x2  
  176  17:09  Roach, Zergling x2  
  176  17:10  Zergling x4  
  176  17:11  Overlord  
  181  17:15  Overlord  
  181  17:16  Overlord  
  176  17:34  Roach, Zergling x4  
  176  17:35  Zergling x12  
  165  17:46  Roach  
  165  17:47  Roach, Zergling x4  
  161  17:57  Zergling x6  
  161  17:58  Zergling x4  
  150  18:09  Zergling x8  
  150  18:10  Zergling x10  
  150  18:11  Baneling  
  150  18:12  Baneling x8  
  152  18:21  Roach  
  152  18:22  Zergling x2  
  152  18:24  Zergling x6  
  156  18:28  Baneling  
  156  18:29  Baneling x2  
  156  18:32  Baneling  
  156  18:33  Baneling x2  
  100  18:50  Roach, Zergling x6  
  100  18:52  Zergling x2  
  101  19:03  Zergling x2  
  101  19:06  Zergling x4  
  81  19:23  Roach x2, Zergling x4  
  69  19:28  Zergling x2  
  66  20:02  Hatchery  
Show
View Real Time Build Order
Export as new Build Order

Classic Protoss - Winner!

Build Orders: Zealot Archon, Dark Templar Rush 

Get SALT Encoding   

  12  0:00  Probe (Chrono Boost)  
  13  0:11  Probe (Chrono Boost)  
  14  0:19  Pylon  
  14  0:22  Probe (Chrono Boost)  
  15  0:37  Probe (Chrono Boost)  
  15  0:41  Gateway  
  16  0:45  Assimilator  
  16  0:47  Probe (Chrono Boost)  
  17  0:58  Probe (Chrono Boost)  
  18  1:09  Probe (Chrono Boost)  
  19  1:19  Probe (Chrono Boost)  
  19  1:24  Pylon  
  20  1:27  Zealot (Chrono Boost)  
  20  1:28  Cybernetics Core  
  20  1:30  Probe  
  23  1:42  Probe  
  24  1:52  Zealot (Chrono Boost)  
  27  1:54  Probe  
  27  2:08  Mothership Core  
  28  2:15  Adept (Chrono Boost)  
  30  2:26  Nexus  
  27  2:31  Probe (Chrono Boost)  
  27  2:33  Assimilator  
  26  2:38  Adept (Chrono Boost)  
  26  2:42  Warp Gate  
  26  2:43  Probe (Chrono Boost)  
  29  2:53  Probe (Chrono Boost)  
  30  3:04  Probe (Chrono Boost)  
  31  3:15  Twilight Council  
  31  3:21  Pylon  
  31  3:33  Robotics Facility  
  31  3:38  Probe (Chrono Boost)  
  33  3:48  Probe (Chrono Boost)  
  33  3:49  Probe (Chrono Boost)  
  33  3:54  Dark Shrine  
  34  3:59  Probe (Chrono Boost)  
  34  4:00  Probe (Chrono Boost)  
  36  4:09  Probe (Chrono Boost), Gateway x2  
  37  4:10  Probe (Chrono Boost)  
  37  4:13  Gateway  
  38  4:20  Probe x2 (Chrono Boost)  
  40  4:26  Warp Prism (Chrono Boost)  
  40  4:30  Probe x2  
  43  4:34  Assimilator  
  44  4:41  Assimilator  
  44  4:43  Probe x2, Pylon  
  46  4:54  Probe  
  46  4:55  Probe  
  48  5:03  Pylon  
  48  5:05  Probe (Chrono Boost)  
  49  5:07  Probe (Chrono Boost)  
  49  5:13  Dark Templar x3  
  56  5:14  Dark Templar  
  56  5:19  Probe x2 (Chrono Boost)  
  60  5:21  Resonating Glaives  
  60  5:25  Pylon  
  60  5:47  Immortal (Chrono Boost)  
  64  5:54  Gateway  
  64  5:57  Gateway  
  64  6:01  Gateway x2  
  64  6:05  Probe x2  
  64  6:07  Pylon  
  64  6:11  Archon  
  66  6:12  Archon  
  66  6:13  Sentry x3  
  66  6:14  Sentry  
  66  6:17  Pylon  
  74  6:26  Pylon  
  74  6:29  Immortal (Chrono Boost)  
  78  6:33  Pylon  
  78  6:37  Sentry, Adept x2  
  84  6:42  Adept  
  86  6:55  Pylon  
  86  7:06  Pylon  
  86  7:11  Sentry  
  86  7:12  Adept x7  
  102  7:19  Pylon  
  98  7:41  Adept x5  
  98  7:44  Adept x3  
  86  8:00  Adept  
  86  8:04  Adept x3  
  82  8:06  Adept x3  
  82  8:11  Adept  
  80  8:26  Adept x6  
  86  8:33  Adept x2  
  78  8:47  Adept x2  
  78  8:48  Adept x3  
  84  8:59  Adept x3  
  90  9:08  Sentry x3  
  94  9:10  Sentry x2  
  94  9:25  Adept x3  
  94  9:29  Adept  
  100  9:32  Adept x2  
  100  9:37  Sentry, Adept  
  100  9:43  Adept  
  94  9:46  Adept x2  
  94  9:49  Sentry  
  94  9:54  Adept  
  94  9:55  Adept  
  90  10:03  Adept x3  
  90  10:10  Adept  
  82  10:18  Adept x3  
  82  10:19  Adept  
  58  10:40  Dark Templar x2  
  56  10:53  Stalker, Immortal (Chrono Boost)  
  56  10:54  Stalker x2  
  62  10:58  Stalker  
  62  11:02  Stalker  
  66  11:06  Stalker  
  68  11:17  Stalker x2  
  72  11:30  Stalker x3  
  66  11:49  Pylon  
  66  11:50  Sentry  
  66  11:51  Adept x3  
  74  11:59  Dark Templar  
  76  12:36  Nexus  
  74  12:46  Warp Prism (Chrono Boost)  
  76  12:55  Sentry x2  
  80  12:58  Sentry  
  80  13:04  Sentry  
  80  13:05  Sentry  
  86  13:20  Dark Templar  
  86  13:22  Dark Templar  
  94  13:41  Immortal (Chrono Boost)  
  94  13:51  Assimilator  
  94  13:52  Assimilator  
  94  13:59  Sentry x3  
  104  14:17  Immortal (Chrono Boost)  
  104  14:45  Robotics Bay  
  104  14:50  Pylon  
  104  14:51  Immortal (Chrono Boost), Pylon  
  108  14:55  Robotics Facility  
  108  14:58  Adept x3  
  108  14:59  Adept x2  
  118  15:03  Archon  
  118  15:04  Adept  
  118  15:05  Adept  
  122  15:22  Colossus (Chrono Boost)  
  122  15:30  Disruptor (Chrono Boost), Pylon  
  125  15:37  Blink (Chrono Boost)  
  125  15:39  Disruptor (Chrono Boost)  
  127  15:53  Colossus  
  127  15:57  Adept  
  127  15:58  Adept  
  127  16:01  Adept  
  127  16:02  Disruptor  
  133  16:10  Disruptor  
  135  16:33  Disruptor  
  135  16:35  Colossus  
  138  16:40  Nexus  
  138  16:41  Disruptor  
  138  16:42  Pylon  
  141  16:56  Pylon  
  141  16:58  Pylon  
  141  17:04  Disruptor  
  141  17:12  Disruptor  
  147  17:25  Adept  
  147  17:26  Adept x7  
  131  17:58  Adept x6  
  131  17:59  Adept x2  
  119  18:30  Adept x4  
  73  19:37  Mothership Core (Chrono Boost)  
  75  19:52  Adept x4  

Tags
 
Add a new tag
Caveats
  • Supply blocks, unpowered buildings, or Contaminate may cause inaccurate times.
  • Supply counts are checked every 10 seconds.